Map: Romanticide LE

Players

Massa

  • Race: Terran Terran
  • League: Platinum
  • Spawn Location: 5:00

DougSluggins - Winner!

  • Race: Zerg Zerg
  • League: Diamond
  • Spawn Location: 11:00

VOD

Have the link to the VOD?

Description

Time

  • Played on: Jan. 18, 2021, 11:30 a.m.
  • Length: 5:38
Show
View Real Time Build Order
Export as new Build Order

Massa Terran 

Build Orders:  

Get SALT Encoding   

  12  0:00  SCV  
  13  0:12  SCV  
  14  0:19  Supply Depot  
  14  0:26  SCV  
  15  0:41  SCV  
  16  0:43  Barracks  
  16  0:47  Refinery  
  16  0:53  SCV  
  17  1:05  SCV  
  18  1:17  SCV  
  19  1:30  SCV  
  20  1:42  SCV  
  21  1:53  Marine  
  22  2:00  Orbital Command  
  22  2:14  Factory  
  22  2:15  Marine, Supply Depot  
  23  2:30  Command Center  
  23  2:37  SCV, Marine  
  25  2:55  Marine  
  26  2:59  Hellion  
  27  3:13  SCV, Marine  
  27  3:36  Starport  
  27  3:40  Command Center  
  25  3:46  Hellion, Marine  
  26  3:56  Barracks x2  
  26  4:08  Bunker  
  21  4:20  Starport Tech Lab  
  17  4:26  Marine  
  17  4:28  Widow Mine  
  17  4:30  SCV  
  14  4:44  Marine  
  8  5:02  Marine  
  6  5:11  Marine  
  7  5:19  Starport Tech Lab  
Show
View Real Time Build Order
Export as new Build Order

DougSluggins Zerg - Winner!

Build Orders: Pool First 

Get SALT Encoding   

  12  0:00  Drone  
  13  0:17  Overlord  
  13  0:18  Drone  
  14  0:25  Extractor  
  14  0:28  Drone  
  14  0:35  Drone  
  15  0:39  Drone  
  16  0:50  Drone  
  17  0:57  Spawning Pool  
  17  1:00  Drone  
  17  1:11  Drone  
  18  1:29  Hatchery  
  17  1:34  Drone  
  18  1:42  Extractor, Drone  
  18  1:44  Zergling x2  
  19  1:49  Burrow  
  19  2:05  Drone  
  19  2:07  Roach Warren  
  19  2:12  Drone  
  21  2:22  Zergling x2  
  21  2:25  Overlord  
  23  2:45  Zergling x2  
  23  2:47  Roach  
  26  2:52  Roach  
  26  2:53  Roach  
  30  2:58  Roach  
  29  3:17  Roach  
  29  3:30  Drone x2, Hatchery, Roach  
  29  3:31  Overlord  
  30  3:48  Roach  
  30  4:19  Roach x4  
  30  4:31  Roach x3  
  34  4:49  Roach  
  34  4:50  Roach  
  34  4:51  Queen  
  40  5:04  Roach x3  
  40  5:15  Roach x5  
Tags
 
Matchup
TvZ
Opening
Pool First
Replay Pack
Multiplayer
Spawn Locations
Cross Positions
Add a new tag
Caveats
  • Supply blocks, unpowered buildings, or Contaminate may cause inaccurate times.
  • Supply counts are checked every 10 seconds.